Selects Armored Support Battlegroup
Construct Light Support Kompanie
Selects Superior Fire Drills
Pak 38 Anti-tank Gun Team
Construct Panzerarmee Kommand
Selects Flammpanzer III Medium Tank
Flammpanzer III Medium Tank
Walking Stuka Rocket Launcher
Selects Command Panzer IV F Medium Tank
Panzerjäger Mechanized Group
Walking Stuka Rocket Launcher
Flammpanzer III Medium Tank
Selects Stuka Anti-tank Loiter
Flammpanzer III Medium Tank
Flak 36 Anti-tank Gun Team
Pak 38 Anti-tank Gun Team